 Dungeon Crawl Stone Soup version 0.21-a0-228-g14ccbf3 (webtiles) character file.

387 KristoblXynda the Slasher (level 6, -2/51 HPs)
             Began as a Draconian Berserker on Aug 31, 2017.
             Was a Believer of Trog.
             Slain by an orc warrior
             ... wielding a +0 glaive
              (4 damage)
             ... on level 3 of the Dungeon.
             The game lasted 00:04:51 (2024 turns).

KristoblXynda the Slasher (Draconian Berserker)     Turns: 2024, Time: 00:04:51

Health: -2/51      AC:  8    Str: 21    XL:     6   Next: 49%
Magic:  6/6        EV: 13    Int:  7    God:    Trog [**....]
Gold:   137        SH:  0    Dex: 11    Spells: 5/5 levels left

rFire    . . .     SeeInvis .   o - +1 long sword
rCold    . . .     Gourm    .   (no shield)
rNeg     . . .     Faith    .   (armour unavailable)
rPois    .         Spirit   .   (helmet restricted)
rElec    .         Reflect  .   l - +0 cloak {MR+}
rCorr    .         Harm     .   f - +0 pair of gloves
MR       +....                  (no boots)
Stlth    +++.......             (no amulet)
HPRegen  0.17/turn              m - ring of stealth
MPRegen  0.10/turn              (no ring)

@: lethally poisoned (-2 -> -3), berserk cooldown, hasted and slowed
A: unfitting armour, cold-blooded, AC +6
a: Berserk, Trog's Hand, Burn Spellbooks, Renounce Religion


You were on level 3 of the Dungeon.
You worshipped Trog.
Trog was pleased with you.
You were very hungry.

You visited 1 branch of the dungeon, and saw 3 of its levels.

You collected 137 gold pieces.

Inventory:

Hand Weapons
 o - a +1 long sword (weapon)
Missiles
 j - 2 javelins (quivered)
Armour
 f - a +0 pair of gloves (worn)
 g - a +1 shield
 l - a +0 cloak of magic resistance (worn)
Jewellery
 m - a ring of stealth (left hand)
Scrolls
 a - a scroll of magic mapping
 c - a scroll of enchant armour
Potions
 d - a potion of haste
 e - a potion of brilliance {unknown}
 i - a potion of ambrosia {unknown}
 k - a potion of degeneration {unknown}
 q - 2 potions of curing {unknown}
Comestibles
 b - 2 bread rations
 h - 4 fruits
 p - 3 meat rations


   Skills:
 - Level 3.2 Fighting
 * Level 5.5 Long Blades
 + Level 4.0 Dodging
 + Level 3.2 Stealth


You had 5 spell levels left.
You didn't know any spells.

Dungeon Overview and Level Annotations

Branches:
Dungeon (3/15)

Altars:
Ashenzari
Dithmenos


Innate Abilities, Weirdness & Mutations

Your plain brown scales are hard. (AC +6)
You cannot fit into any form of body armour.
You are cold-blooded and may be slowed by cold attacks.


Message History

You feel sick. The orc warrior completely misses you.
The orc warrior closely misses you.
The orc warrior hits you from afar with a glaive!
* * * LOW HITPOINT WARNING * * *
* * * LOW HITPOINT WARNING * * *
You feel sick. The orc warrior completely misses you.
* * * LOW HITPOINT WARNING * * *
You feel sick.
It was a potion of haste.
You feel yourself speed up.
Unknown command.
The orc warrior completely misses you.
You see here a leopard gecko corpse.
Okay, then.
* * * LOW HITPOINT WARNING * * *
You feel sick.
* * * LOW HITPOINT WARNING * * *
You feel sick.
The orc warrior hits you from afar with a glaive.
You die...

#.# #..#..###..###
#..##.....##.....#####
............†.......#
#.........##.).....#
##..._?..####......##
..##.........##.......#.
.........o..............
#..##...[.##..##.#####.
#.@#..###.##..####.
#..###..##..........
..... ##........#..##.
#####..#..$......#..##.
...........$.......
.................#.
..............#.....
...................#
...............#....


You could see an orc warrior.

Vanquished Creatures
  Grinder (D:3)
  A scorpion (D:3)
  An orc priest (D:3)
  A worker ant (D:3)
  3 adders
  An ooze (D:1)
  A worm (D:2)
  2 dart slugs
  3 leopard geckos (D:3)
  An orc (D:3)
  4 bats
  7 giant cockroaches
  5 goblins
  4 hobgoblins
  6 kobolds
  A quokka (D:3)
  A ball python (D:1)
  5 frilled lizards
  9 rats
57 creatures vanquished.

Notes
Turn   | Place    | Note
-------+----------+-------------------------------------------
     0 | D:1      | KristoblXynda the Draconian Berserker began the quest for the Orb.
     0 | D:1      | Reached XP level 1. HP: 19/19 MP: 1/1
   106 | D:1      | Reached skill level 1 in Stealth
   172 | D:1      | Reached XP level 2. HP: 14/26 MP: 2/2
   548 | D:1      | You fall through a shaft!
   569 | D:2      | Reached XP level 3. HP: 21/31 MP: 3/3
   988 | D:2      | Reached ** piety under Trog
  1121 | D:2      | Found a shattered altar of Ashenzari.
  1548 | D:3      | Noticed a scorpion
  1579 | D:3      | Killed a scorpion
  1579 | D:3      | Reached skill level 4 in Long Blades
  1579 | D:3      | Reached XP level 4. HP: 38/38 MP: 4/4
  1958 | D:3      | Found a shadowy altar of Dithmenos.
  1969 | D:3      | Reached XP level 5. HP: 43/45 MP: 5/5
  1972 | D:3      | Noticed an orc warrior
  1974 | D:3      | Noticed Grinder
  2003 | D:3      | Killed Grinder
  2003 | D:3      | Reached skill level 5 in Long Blades
  2003 | D:3      | Reached XP level 6. HP: 26/51 MP: 6/6
  2012 | D:3      | HP: 2/51 [poisoned by a worker ant]
  2018 | D:3      | HP: 2/51 [poisoned by a worker ant]
  2024 | D:3      | Slain by an orc warrior

Vault maps used:
D:1:      tarquinn_simple_flora_water_e, serial_forest,
          infiniplex_forest_corner_1, infiniplex_forest_straight_4,
          infiniplex_forest_lined_3, infiniplex_forest_pool,
          infiniplex_forest_clump_small, infiniplex_forest_lined_room_2,
          infiniplex_forest_lined_corner, infiniplex_forest_lined_1,
          infiniplex_forest_clump_tiny, infiniplex_forest_clump_double
D:2:      marbit_many_paths, first_bread
D:3:      minmay_crystal_water, nicolae_dithmenos_shadow_blocks, uniq_grinder

Skill      XL: |  1  2  3  4  5 |
---------------+----------------+-----
Stealth        | 1 2 3 |  3.2
Dodging        | 3 4 |  4.0
Long Blades    | 4 5 |  5.5
Fighting       | |  3.2

Action                   |  1- 3 |  4- 6 || total
-------------------------+-------+-------++-------
Melee: Falchion          |    96 |       ||    96
       Tailslap          |     9 |     8 ||    17
       Long sword        |     4 |    48 ||    52
Invok: Berserk           |     2 |     1 ||     3
       Trog's Hand       |       |     1 ||     1
  Use: Scroll            |     9 |       ||     9
       Potion            |       |     1 ||     1
 Stab: Sleeping          |     2 |     4 ||     6
  Eat: Chunk             |     2 |     2 ||     4
       Fruit             |     1 |     1 ||     2
Armor: Skin              |    27 |    24 ||    51
Dodge: Dodged            |    88 |    47 ||   135
       Rpst.: Falchion   |    31 |       ||    31
       Long sword        |     3 |    13 ||    16

Table legend:
 A = Spawn XP
 B = Non-spawn XP
 C = Spawn XP percentage of total XP
 D = Spawn monster count
 E = Non-spawn monster count
 F = Spawn count percentage of total count
 G = Total turns spent on level
                    A         B        C        D         E        F      G
               +---------+---------+-------+---------+---------+-------+---------
         Total |       1 |     553 |   0.2 |       1 |      56 |   1.8 |  2024
               +---------+---------+-------+---------+---------+-------+---------
           D:1 |       1 |      29 |   3.3 |       1 |      14 |   6.7 |   778
           D:2 |       0 |      51 |   0.0 |       0 |      22 |   0.0 |   687
           D:3 |       0 |     473 |   0.0 |       0 |      20 |   0.0 |   559
               +---------+---------+-------+---------+---------+-------+---------
